 Dungeon Crawl Stone Soup version 0.27.1-2-g3b301248ec (webtiles) character file.

Game seed: 15361612743129017807

149 barney the Changer (level 5, -4/40 HPs)
             Began as a Draconian Transmuter on Sept 30, 2021.
             Slain by Blork the orc (7 damage)
             ... on level 4 of the Dungeon.
             The game lasted 00:03:25 (3532 turns).

barney the Changer (Draconian Transmuter)           Turns: 3532, Time: 00:03:26

Health: -4/40      AC:  7    Str: 12    XL:     5   Next: 9%
Magic:  8/8        EV: 12    Int: 20    God:
Gold:   195        SH:  0    Dex: 12    Spells: 1/8 levels left

rFire    + + .     SeeInvis .   d - +1 short sword (venom)
rCold    + . .     Faith    .   (no shield)
rNeg     . . .     Spirit   .   (armour unavailable)
rPois    +         Reflect  .   (helmet restricted)
rElec    +         Harm     .   (no cloak)
rCorr    +         Rampage  .   (no gloves)
Will     .....     Rnd*Tele +   m - +1 pair of boots
Stlth    +.........             l - amulet of magic regeneration
HPRegen  0.13/turn              e - +6 ring of intelligence
MPRegen  0.36/turn              j - ring of protection from fire

@: lethally poisoned (-4 -> -16), resistant
A: AC +5, unfitting armour, cold-blooded, mutation resistance 1, teleportitis 1,
MP-powered wands
a: no special abilities


You were on level 4 of the Dungeon.
You visited 1 branch of the dungeon, and saw 4 of its levels.

You collected 195 gold pieces.

Inventory:

Hand Weapons
 b - a +0 dire flail of protection
 d - a +1 short sword of venom (weapon)
 p - a +1 dagger of freezing
Armour
 m - a +1 pair of boots (worn)
Jewellery
 e - a +6 ring of intelligence (left hand)
 h - a ring of resist corrosion
 j - a ring of protection from fire (right hand)
 l - an amulet of magic regeneration (around neck)
 n - a ring of fire
Wands
 r - a wand of digging (8)
Scrolls
 c - a scroll of identify
 i - a scroll of immolation {unknown}
 q - a scroll of enchant weapon {unknown}


   Skills:
 - Level 1.1 Fighting
 - Level 1.7 Dodging
 - Level 3.0 Unarmed Combat
 - Level 2.0 Spellcasting
 + Level 5.0 Transmutations
 + Level 1.3 Ice Magic


You had one spell level left.
You knew the following spells:

 Your Spells              Type           Power      Damage    Failure   Level
a - Beastly Appendage     Tmut           44%        N/A       1%          1
b - Ice Form              Ice/Tmut       14%        N/A       38%         4
c - Wereblood             Tmut           22%        N/A       3%          2

Your spell library contained the following spells:

 Spells                   Type           Power      Damage    Failure   Level
 Spider Form              Tmut/Pois      6%         N/A       17%         3


Dungeon Overview and Level Annotations

Branches:
Dungeon (4/15)
 Temple: D:4-7

Altars:
Qazlal

Annotations:
D:4 Blork the orc, Grinder


Innate Abilities, Weirdness & Mutations

Your plain brown scales are hard. (AC +5)
You cannot fit into any form of body armour.
You are cold-blooded and may be slowed by cold attacks.
You are somewhat resistant to further mutation.
You are occasionally teleported next to monsters.
You expend magic power (3 MP) to strengthen your wands.


Message History

The goblin misses you.
Blork the orc hits you from afar with a +3 glaive of venom.
You are too confused!
Okay, then.
You are too confused!
You are too confused!
You feel less invigorated.
You feel less confused. The goblin closely misses you.
You barely miss the goblin.
Blork the orc hits you from afar with a +3 glaive of venom!
The goblin closely misses you.
You hit the goblin.
The goblin is poisoned.
The goblin is heavily wounded.
You kill the goblin!
Blork the orc misses you.
Blork the orc screams, "I don't like you!"
Blork the orc points at you and mumbles some strange words.
The puff of flame hits you. You resist.
As you read the scroll labelled GONUUJ GAGG, it crumbles to dust.
The scroll dissolves into smoke.
It was a scroll of fog.
Blork the orc completely misses you.
Okay, then.
Blork the orc hits you from afar with a +3 glaive of venom!
* * * LOW HITPOINT WARNING * * *
Blork the orc barely misses you. Blork the orc closely misses you.
As you read the scroll labelled LEC YMETROD, it crumbles to dust.
You hear a loud clanging noise!
It was a scroll of noise.
Blork the orc closely misses you.
Okay, then.
Blork the orc hits you from afar with a +3 glaive of venom.
* * * LOW HITPOINT WARNING * * *
You are lethally poisoned!
You feel protected.
* * * LOW HITPOINT WARNING * * *
You feel very sick.
Blork the orc cheers to no one in particular.
Blork the orc hits you from afar with a +3 glaive of venom!
You die...

#..............# #.# ##.# ###.
#.#......#.....# #.# #.####...
#.#......#...### ###.# #.##.<..#
#............# #...# #.##.#.##
<...)........# ###.### #.#..#.#
.........#..####...# #...##.#
..............##§### ###..##.#
..........###.§§§# ####.....#.#
.........## ###§@####....###.).#
........#####.§§§§§...#### ##..#
..............##o###### #####..##
.........####.##§# #.....)..
..........# #{§§§# #........
..............###########........
............. ................
............ #######.........
........... ##........


You could see Blork the orc (fast).

Vanquished Creatures
  A hound (D:4)
  An iguana (D:4)
  A hound skeleton (D:4)
  An adder (D:2)
  A worm (D:2)
  An orc (D:4)
  7 bats
  9 endoplasms
  6 goblins
  5 hobgoblins
  4 jackals (D:1)
  7 kobolds
  4 quokkas
  8 ball pythons
  2 frilled lizards
  4 rats
62 creatures vanquished.

Notes
Turn   | Place    | Note
-------+----------+-------------------------------------------
     0 | D:1      | barney the Draconian Transmuter began the quest for the
                  | Orb.
     0 | D:1      | Reached XP level 1. HP: 16/16 MP: 3/3
   133 | D:1      | Reached XP level 2. HP: 19/23 MP: 5/5
   226 | D:1      | Reached skill level 3 in Transmutations
  1122 | D:1      | Found a faded altar of an unknown god.
  1347 | D:2      | Reached XP level 3. HP: 22/28 MP: 4/6
  1933 | D:2      | Reached skill level 4 in Transmutations
  2835 | D:3      | Reached XP level 4. HP: 35/35 MP: 7/7
  2869 | D:3      | Found a stormy altar of Qazlal.
  3191 | D:4      | Learned a level 4 spell: Ice Form
  3339 | D:4      | Reached skill level 5 in Transmutations
  3339 | D:4      | Reached skill level 1 in Ice Magic
  3339 | D:4      | Reached XP level 5. HP: 40/40 MP: 8/8
  3342 | D:4      | Learned a level 2 spell: Wereblood
  3515 | D:4      | Noticed Grinder
  3516 | D:4      | Noticed Blork the orc
  3522 | D:4      | Gained mutation: You expend magic power (3 MP) to
                  | strengthen your wands. [potion of mutation]
  3522 | D:4      | Gained mutation: You are occasionally teleported next to
                  | monsters. [potion of mutation]
  3522 | D:4      | Gained mutation: You are somewhat resistant to further
                  | mutation. [potion of mutation]
  3532 | D:4      | Slain by Blork the orc

Illustrated notes

Levels and vault maps discovered:
D:1:      psy_arrival_spokes, layout_basic, hellmonk_ecumenical_altar_zigzags,
          minmay_misc_feat_iff
D:2:      layout_basic
D:3:      layout_basic, lemuel_crystal_altar, chequers_serial_rivers_micro_b
D:4:      layout_rooms, uniq_crazy_yiuf_cottage, uniq_blork_the_orc,
          uniq_grinder

Skill      XL: |  1  2  3  4 |
---------------+-------------+-----
Transmutations | 3 4 5 |  5.0
Ice Magic      | 1 |  1.3
Fighting       | |  1.1
Dodging        | |  1.7
Unarmed Combat | |  3.0
Spellcasting   | |  2.0

Action                   |  1- 3 |  4- 6 || total
-------------------------+-------+-------++-------
Melee: Unarmed           |     9 |       ||     9
       Dire flail        |    32 |       ||    32
       Kick              |    10 |     6 ||    16
       Headbutt          |     5 |     4 ||     9
       Short sword       |    69 |    32 ||   101
       Tailslap          |     5 |     4 ||     9
       Punch             |     3 |       ||     3
 Cast: Beastly Appendage |    13 |     7 ||    20
  Use: Potion            |     1 |     4 ||     5
       Scroll            |       |     3 ||     3
 Stab: Sleeping          |     1 |     1 ||     2
Armor: Skin              |    44 |     5 ||    49
Dodge: Dodged            |    75 |    27 ||   102
